[Event "Early-Titled-Tuesday-Blitz-February-20-2024"]
[Site "Chess.com"]
[Date "2024.02.20"]
[Round "7"]
[White "ShieldingOff"]
[Black "WiseKing_08"]
[Result "1-0"]
[WhiteElo "2293"]
[BlackElo "2421"]
[TimeControl "180+1"]
[EndTime "9:17:40 PST"]
[Termination "ShieldingOff won by resignation"]

1. d4 d5 2. c4 c6 3. Nf3 Nf6 4. e3 Bf5 5. Qb3 Qb6 6. Nc3 e6 7. c5 Qc7 8. Be2 Nbd7 9. O-O h6 10. a4 g5 11. a5 a6 12. Na4 Be7 13. Nb6 Nxb6 14.
axb6 Qb8 15. Ne5 Nd7 16. f4 f6 17. Bh5+ Kd8 18. Nf7+ Ke8 19. Nxh8+ Kf8 20. Ng6+ Bxg6 21. Bxg6 Kg7 22. Qc2 f5 23. Bh5 g4 24. h3 gxh3 25. gxh3 Nf6 26. Qg2+ Kh8 27. Qg6 Qf8 28. Kh2 1-0

[Event "Early-Titled-Tuesday-Blitz-February-20-2024"]
[Site "Chess.com"]
[Date "2024.02.20"]
[Round "7"]
[White "DKmirl"]
[Black "pedro_nascimento85"]
[Result "1-0"]
[WhiteElo "2312"]
[BlackElo "2127"]
[TimeControl "180+1"]
[EndTime "9:17:41 PST"]
[Termination "DKmirl won by resignation"]

1. d4 d5 2. Nf3 Nf6 3. g3 e6 4. Bg2 Be7 5. c4 a6 6. Nc3 dxc4 7. Ne5 O-O 8. Nxc4 Nbd7 9. O-O c5 10. Bf4 cxd4 11.
Qxd4 Nc5 12. Rfd1 Qxd4 13. Rxd4 Nh5 14. Nb6 Nxf4 15. Nxa8 Ng6 16. Nb6 Bf6 17. Rd2 e5 18.
Nxc8 Rxc8 19. Ne4 Be7 20. Rc1 f5 21. Nxc5 Rxc5 22. Rxc5 Bxc5 23. Bxb7 a5 1-0

[Event "Early-Titled-Tuesday-Blitz-February-20-2024"]
[Site "Chess.com"]
[Date "2024.02.20"]
[Round "7"]
[White "Brave_spirit12"]
[Black "LuisFSiles"]
[Result "1-0"]
[WhiteElo "2735"]
[BlackElo "2327"]
[TimeControl "180+1"]
[EndTime "9:17:42 PST"]
[Termination "Brave_spirit12 won by resignation"]

1. e4 c5 2. c3 Nf6 3. e5 Nd5 4. d4 cxd4 5. Nf3 Nc6 6. cxd4 d6 7.
Bc4 Nb6 8. Bb5 dxe5 9. Nxe5 Bd7 10. Nc3 e6 11. O-O Be7 12. Nxd7 Qxd7 13. Re1 O-O 14. Be3 a6 15. Bd3 Nd5 16. Qf3 Bf6 17. Rad1 Nxe3 18. fxe3 g6 19. Qxf6 Nb4 20. Bb1 Rac8 21. Qh4 Qc6 22. Ne4 f5 23. Nf6+ Kg7 24. d5 Qb6 25. dxe6 Qxe6 1-0

[Event "Early-Titled-Tuesday-Blitz-February-20-2024"]
[Site "Chess.com"]
[Date "2024.02.20"]
[Round "7"]
[White "Alexchess1984"]
[Black "RobertoJBM"]
[Result "1-0"]
[WhiteElo "2661"]
[BlackElo "2814"]
[TimeControl "180+1"]
[EndTime "9:17:44 PST"]
[Termination "Alexchess1984 won by resignation"]

1. e4 c6 2. d4 d5 3. exd5 cxd5 4. c4 Nf6 5. Nc3 e6 6. Nf3 Be7 7. cxd5 Nxd5 8. Bd3 O-O 9. O-O Nc6 10. Re1 Nf6 11. a3 b6 12. Bg5 Bb7 13. Bc2 Rc8 14. Qd3 g6 15. Rad1 Nd5 16. Bh6 Re8 17. Bb3 Na5 18.
Ba2 Nxc3 19. bxc3 Bf6 20. Ne5 Bg5 21. Qh3 Bxh6 22. Qxh6 Qf6 23. Ng4 Qg7 24. Qg5 Red8 25. Rd3 Bd5 26. Bxd5 exd5 27. Rde3 Nc6 28. Nf6+ Kh8 29.
Rh3 h5 30. Nxh5 gxh5 31. Qxh5+ Kg8 32. Rg3 1-0

[Event "Early-Titled-Tuesday-Blitz-February-20-2024"]
[Site "Chess.com"]
[Date "2024.02.20"]
[Round "7"]
[White "carloseduar100"]
[Black "JoliyRoger"]
[Result "1-0"]
[WhiteElo "2358"]
[BlackElo "2521"]
[TimeControl "180+1"]
[EndTime "9:17:44 PST"]
[Termination "carloseduar100 won by resignation"]

1. e4 c6 2. Nf3 d5 3. Nc3 Nf6 4. d4 dxe4 5. Ng5 Bf5 6. Bc4 e6 7. Qe2 Qxd4 8. Be3 Qe5 9. O-O-O Bc5 10. Rd8+ Ke7 11. Rxh8 Bxe3+ 12. fxe3 Bg4 13. Qd2 Nbd7 14. Rxa8 Qxg5 15. Rxa7 b5 16. Be2 Bf5 17. a4 Qxg2 18. Rd1 Nd5 19. axb5 1-0

[Event "Early-Titled-Tuesday-Blitz-February-20-2024"]
[Site "Chess.com"]
[Date "2024.02.20"]
[Round "7"]
[White "KanalSzachowy"]
[Black "tsaruk_maks"]
[Result "0-1"]
[WhiteElo "2446"]
[BlackElo "2750"]
[TimeControl "180+1"]
[EndTime "9:17:47 PST"]
[Termination "tsaruk_maks won by checkmate"]

1. e4 e5 2. Nf3 Nc6 3. Bc4 Nf6 4. d4 exd4 5. e5 d5 6. Bb5 Ne4 7. Nxd4 Bd7 8. Bxc6 bxc6 9. O-O Bc5 10. f3 Ng5 11.
f4 Ne4 12. Be3 O-O 13. Nd2 Nxd2 14. Qxd2 f6 15. Nf3 Bb6 16. Rad1 Bf5 17. Bxb6 axb6 18. Nd4 Bg4 19. Rde1 fxe5 20. Rxe5 Qd6 21. Rg5 Bd7 22.
Qc3 Rf6 23. Qg3 Rf7 24. Qc3 c5 25. Ne2 Bb5 26. Re1 Bxe2 27. Rxe2 Qxf4 28. Rxg7+ Rxg7 29. Qb3 Rf8 30. Qxd5+ Kh8 31. Qd1 Qd4+ 32. Kh1 Qxd1+ 33. Re1 Qxe1# 0-1

[Event "Early-Titled-Tuesday-Blitz-February-20-2024"]
[Site "Chess.com"]
[Date "2024.02.20"]
[Round "7"]
[White "Dinamo3"]
[Black "pauliukevicius"]
[Result "0-1"]
[WhiteElo "2520"]
[BlackElo "2364"]
[TimeControl "180+1"]
[EndTime "9:17:49 PST"]
[Termination "pauliukevicius won by checkmate"]

1. c4 Nf6 2. g3 c6 3. Bg2 d5 4.
Nf3 dxc4 5. a4 Nbd7 6. Qc2 g6 7. Qxc4 Bg7 8. O-O O-O 9. Qc2 e5 10. Nc3 Re8 11. d3 Nb6 12. a5 Nbd5 13. Bd2 h6 14.
Na4 e4 15. dxe4 Nxe4 16. Nc3 Nb4 17. Qd1 Nxd2 18. Nxd2 Nd5 19. Nxd5 cxd5 20. Ra2 Be6 21. b3 Bc3 22. a6 bxa6 23. Rxa6 Qc8 24. Ra4 Qc5 25.
Nb1 Bg7 26. e3 Rab8 27. Nd2 Qb6 28. Qe2 Rec8 29. Qa6 Rc2 30. Qxb6 axb6 31. Rd1 b5 32. Ra7 b4 33. Nf3 Rb2 34. Nd4 Bxd4 35. Rxd4 Rb1+ 36. Bf1 Bh3 37. f3 Rxf1# 0-1

[Event "Early-Titled-Tuesday-Blitz-February-20-2024"]
[Site "Chess.com"]
[Date "2024.02.20"]
[Round "7"]
[White "Sina_Movahed"]
[Black "Fighterman91"]
[Result "1-0"]
[WhiteElo "2967"]
[BlackElo "2782"]
[TimeControl "180+1"]
[EndTime "9:17:51 PST"]
[Termination "Sina_Movahed won by resignation"]

1. e4 c5 2. Nf3 Nc6 3. d4 cxd4 4. Nxd4 Nf6 5. Nc3 d6 6. Bg5 e6 7. Qd3 Bd7 8. O-O-O a6 9. f4 h6 10. Bh4 Be7 11.
Nf3 Qc7 12. e5 dxe5 13. fxe5 Ng4 14. Bxe7 Kxe7 15. Ne4 Ngxe5 16. Qa3+ Kd8 17. Nd6 f6 18. Bb5 Qb6 19. Bxc6 Qxc6 20. Nxe5 fxe5 21. Nf7+ Kc7 22. Nxe5 1-0

[Event "Early-Titled-Tuesday-Blitz-February-20-2024"]
[Site "Chess.com"]
[Date "2024.02.20"]
[Round "7"]
[White "Arystanner"]
[Black "DeArron_Fox"]
[Result "1-0"]
[WhiteElo "2757"]
[BlackElo "2517"]
[TimeControl "180+1"]
[EndTime "9:17:52 PST"]
[Termination "Arystanner won on time"]

1. d4 d5 2. c4 e6 3. Nf3 Nf6 4. Nc3 Be7 5. Bf4 O-O 6. a3 b6 7. cxd5 Nxd5 8. Nxd5 exd5 9. e3 Bb7 10. Bd3 c5 11. O-O Nd7 12. Ne5 Rc8 13. Qf3 Nf6 14. Bf5 Ra8 15. Rfd1 g6 16. Bc2 Rc8 17. Bh6 Re8 18. Ba4 Rf8 19. Bxf8 Bxf8 20. Rac1 a6 21. h3 b5 22. Bc2 c4 23. g4 Rc7 24. g5 Ne8 25. h4 Nd6 26. Ng4 Bg7 27. Nf6+ Bxf6 28.
Qxf6 Qxf6 29. gxf6 Ne8 30. e4 dxe4 31. d5 Nxf6 32.
d6 Rd7 33. Rd4 Ne8 34. Bxe4 Bxe4 35. Rxe4 Nxd6 36. Rd4 Kf8 37. Re1 a5 38. Re5 b4 39.
Rxa5 c3 40. bxc3 bxc3 41. Rc5 1-0

[Event "Early-Titled-Tuesday-Blitz-February-20-2024"]
[Site "Chess.com"]
[Date "2024.02.20"]
[Round "7"]
[White "GelmanAlexander"]
[Black "m_ezat"]
[Result "1-0"]
[WhiteElo "2746"]
[BlackElo "2516"]
[TimeControl "180+1"]
[EndTime "9:17:52 PST"]
[Termination "GelmanAlexander won by resignation"]

1. d4 Nf6 2. Nc3 d5 3. Bf4 c5 4. e3 cxd4 5. exd4 a6 6. Nf3 Bg4 7. h3 Bxf3 8. Qxf3 Nc6 9. O-O-O e6 10. g4 Qa5 11. g5 Nd7 12. Kb1 Bb4 13. Ne2 Nb6 14. Nc1 Nc4 15. Bxc4 dxc4 16. d5 Ne7 17. d6 Nd5 18. a3 Bc5 19. Rxd5 exd5 20. Re1+ Kf8 21. Qe2 h6 22. g6 Qd8 23. gxf7 Kxf7 24. Qe6+ Kf8 25. Re5 g6 26. Qxg6 Bxd6 27. Rf5+ 1-0

[Event "Early-Titled-Tuesday-Blitz-February-20-2024"]
[Site "Chess.com"]
[Date "2024.02.20"]
[Round "7"]
[White "19912131712118"]
[Black "cukin84"]
[Result "0-1"]
[WhiteElo "2462"]
[BlackElo "2229"]
[TimeControl "180+1"]
[EndTime "9:17:52 PST"]
[Termination "cukin84 won by resignation"]

1. e4 c6 2. Nf3 d5 3. Nc3 Bg4 4. Be2 dxe4 5. Nxe4 Nd7 6. d4 Ngf6 7. Ng3 e6 8. O-O Bd6 9. c3 Qc7 10. Be3 h5 11.
Re1 h4 12. Nf1 Nd5 13. h3 Nxe3 14. fxe3 Bf5 15. N3d2 g5 16. e4 Bg6 17. e5 Be7 18.
Bg4 Nb6 19. Qf3 Nd5 20. c4 Nf4 21. Nb3 O-O-O 22. d5 cxd5 23. cxd5 Bc5+ 24. Nxc5 Qxc5+ 25. Kh1 Qxd5 26. Rac1+ Kb8 27. Qf2 Nd3 28. Qe2 Nxe1 29.
Qxe1 Be4 30. Qf2 Rd7 31. Ne3 Qd2 32. Qxd2 Rxd2 33. Rc3 Rc8 0-1

[Event "Early-Titled-Tuesday-Blitz-February-20-2024"]
[Site "Chess.com"]
[Date "2024.02.20"]
[Round "7"]
[White "AmanteDeMoi"]
[Black "ARMQUEEN"]
[Result "1-0"]
[WhiteElo "2607"]
[BlackElo "2489"]
[TimeControl "180+1"]
[EndTime "9:17:53 PST"]
[Termination "AmanteDeMoi won by resignation"]

1. Nf3 Nf6 2. e3 g6 3. b3 Bg7 4. Bb2 d6 5. Be2 O-O 6. O-O e5 7. d4 exd4 8. Nxd4 Re8 9. c4 Nbd7 10. Nc3 Ne5 11. Qc2 a6 12. Rad1 Bd7 13. h3 Nc6 14. Nd5 Ne4 15. Nxc6 bxc6 16. Bxg7 Kxg7 17. Qb2+ Kg8 18. Nf4 Qg5 19. Bf3 Re5 20. Rd4 Nf6 21.
Rfd1 Rae8 22. Qa3 Ra5 23. Qb2 Rae5 24. Ne2 Bxh3 25. Ng3 Bd7 26. Rf4 Ng4 27. Bxg4 Bxg4 28. Rdd4 Bd7 29. Ne4 Qh5 30. Nf6+ 1-0

[Event "Early-Titled-Tuesday-Blitz-February-20-2024"]
[Site "Chess.com"]
[Date "2024.02.20"]
[Round "7"]
[White "NewYearGirl"]
[Black "cthake"]
[Result "1-0"]
[WhiteElo "2362"]
[BlackElo "1778"]
[TimeControl "180+1"]
[EndTime "9:17:57 PST"]
[Termination "NewYearGirl won by resignation"]

1. e4 c5 2. Nf3 Nc6 3. d4 cxd4 4.
Nxd4 Nf6 5. Nc3 e5 6. Ndb5 d6 7. Nd5 Nxd5 8. exd5 Nb8 9. a4 a6 10. Na3 Be7 11. Be2 O-O 12. O-O f5 13. f4 Bf6 14.
Nc4 Qc7 15. a5 Nd7 16. Be3 Nc5 17. fxe5 dxe5 18. d6 Qc6 19. Nb6 Rb8 20. Bc4+ Be6 21. Bxe6+ Nxe6 22. c3 f4 23. Bf2 Rfd8 24. d7 Nc5 25. Bxc5 Qxc5+ 26. Kh1 Be7 27. Qb3+ Kf8 28. Rad1 Qc6 29. Rd5 Bd6 30. Rxf4+ exf4 31. Rf5+ 1-0

[Event "Early-Titled-Tuesday-Blitz-February-20-2024"]
[Site "Chess.com"]
[Date "2024.02.20"]
[Round "7"]
[White "rikchessmx"]
[Black "s-dshubin"]
[Result "0-1"]
[WhiteElo "2239"]
[BlackElo "2362"]
[TimeControl "180+1"]
[EndTime "9:17:58 PST"]
[Termination "s-dshubin won by checkmate"]

1. e4 e6 2. d4 d5 3. Nc3 a6 4. Bf4 Nf6 5. e5 Nfd7 6. Nce2 c5 7. c3 Nc6 8. Qd2 Qb6 9. Nf3 cxd4 10. cxd4 Bb4 11. Nc3 O-O 12. Bd3 f6 13. exf6 Nxf6 14.
a3 Be7 15. O-O Kh8 16. Na4 Qa7 17. Bb1 b5 18. Nc5 Bxc5 19. dxc5 Qxc5 20. Rc1 Qb6 21. Bd6 Rd8 22. Be5 Nxe5 23. Nxe5 Rf8 24. Rc6 Qa7 25. Qc2 Ne4 26. Nd3 Bd7 27. Rc7 Qd4 28. Rxd7 Rac8 29. Qe2 Nxf2 30. Qe5 Nh3+ 31. Kh1 Qg1# 0-1

[Event "Early-Titled-Tuesday-Blitz-February-20-2024"]
[Site "Chess.com"]
[Date "2024.02.20"]
[Round "7"]
[White "AttackSparrow"]
[Black "FaustinoOro"]
[Result "0-1"]
[WhiteElo "2618"]
[BlackElo "2893"]
[TimeControl "180+1"]
[EndTime "9:18:01 PST"]
[Termination "FaustinoOro won by resignation"]

1. e4 e5 2. Nc3 Nf6 3. Bc4 Bb4 4.
Nf3 Nc6 5. O-O O-O 6. Re1 h6 7. Nd5 Bc5 8. h3 d6 9. c3 a6 10. d4 Ba7 11. Nxf6+ Qxf6 12. Be3 Re8 13. Bd5 Ne7 14.
dxe5 dxe5 15. Bxa7 Rxa7 16. Bb3 Ng6 17. Re3 Ra8 18. Nh2 Nf4 19. Rf3 Qg6 20. Rg3 Qxe4 21. Ng4 Ne2+ 22. Qxe2 Qxe2 23. Nxh6+ Kf8 24. Nxf7 Be6 25.
Ng5 Bxb3 26. axb3 Rad8 0-1

[Event "Early-Titled-Tuesday-Blitz-February-20-2024"]
[Site "Chess.com"]
[Date "2024.02.20"]
[Round "7"]
[White "tptagain"]
[Black "DuleMudule"]
[Result "0-1"]
[WhiteElo "2966"]
[BlackElo "2865"]
[TimeControl "180+1"]
[EndTime "9:18:03 PST"]
[Termination "DuleMudule won by resignation"]

1. d4 d5 2. Nf3 Bf5 3. c4 e6 4. Nc3 Nc6 5. a3 a6 6. e3 Nf6 7. Be2 dxc4 8. Bxc4 Bd6 9. h3 O-O 10. Nh4 Bg6 11. Nxg6 hxg6 12. O-O e5 13. dxe5 Bxe5 14. Qc2 Qe7 15. Qxg6 Bxc3 16. bxc3 Ne5 17. Bxf7+ Rxf7 18. Qc2 Rd8 19. Rd1 Rxd1+ 20. Qxd1 Qe6 21.
Qe2 Ne4 22. f3 Nxc3 23. Qe1 Nxf3+ 24. gxf3 Rxf3 25. Qh4 Rxh3 26. Qg5 Rg3+ 0-1

[Event "Early-Titled-Tuesday-Blitz-February-20-2024"]
[Site "Chess.com"]
[Date "2024.02.20"]
[Round "7"]
[White "Muslim_player_05"]
[Black "Viktor_Poddubnyi"]
[Result "1-0"]
[WhiteElo "2474"]
[BlackElo "2279"]
[TimeControl "180+1"]
[EndTime "9:18:03 PST"]
[Termination "Muslim_player_05 won on time"]

1. c4 g6 2. g3 Bg7 3. Bg2 Nf6 4. Nc3 O-O 5. e4 d6 6. Nge2 e5 7. d3 Nbd7 8. O-O a5 9. h3 c6 10. Be3 Nc5 11. f4 exf4 12. gxf4 Nh5 13. Qd2 f5 14. e5 Ne6 15. d4 Nc7 16. Rad1 d5 17. cxd5 cxd5 18. Rc1 Be6 19. Na4 Na6 20. a3 b6 21. Rc6 Bd7 22. Bxd5+ Kh8 23. Rd6 Qe7 24. Nxb6 Rad8 25. Nxd7 Rxd7 26. Rxd7 Qxd7 27. Bg2 Rc8 28. Rc1 Rxc1+ 29. Qxc1 h6 30. Qc6 1-0

[Event "Early-Titled-Tuesday-Blitz-February-20-2024"]
[Site "Chess.com"]
[Date "2024.02.20"]
[Round "7"]
[White "Casper"]
[Black "AniJak"]
[Result "1-0"]
[WhiteElo "2535"]
[BlackElo "2338"]
[TimeControl "180+1"]
[EndTime "9:18:08 PST"]
[Termination "Casper won by resignation"]

1. a3 e5 2. c4 Nc6 3. Nc3 g6 4. b4 Bg7 5. Bb2 Nge7 6. g3 d6 7. Bg2 Be6 8. d3 Qd7 9. b5 Nd8 10.
Nf3 O-O 11. Ng5 Bf5 12. e4 Bg4 13. f3 Be6 14. h4 h6 15. Nxe6 Nxe6 16. Bh3 c6 17. a4 Rad8 18. Ba3 f5 19. O-O Nd4 20. Ne2 Nxe2+ 21. Qxe2 Qc7 22. Qe3 f4 23. Qxa7 fxg3 24. b6 Qb8 25. Qxb8 Rxb8 26. Bxd6 Rbe8 27. Be6+ Kh7 28.
Bd7 Rd8 29. Bxe7 Rxd7 30. Bxf8 Bxf8 31. a5 Rxd3 32. Kg2 Bc5 33. a6 Rd2+ 34. Kxg3 Be3 35. f4 Bxf4+ 36. Kf3 Rd3+ 37. Kg2 bxa6 38. b7 Rd2+ 39.
Rf2 Rd8 40. Rb2 g5 41. b8=Q 1-0

[Event "Early-Titled-Tuesday-Blitz-February-20-2024"]
[Site "Chess.com"]
[Date "2024.02.20"]
[Round "7"]
[White "brm72"]
[Black "GrotBchess"]
[Result "0-1"]
[WhiteElo "2590"]
[BlackElo "2372"]
[TimeControl "180+1"]
[EndTime "9:18:09 PST"]
[Termination "GrotBchess won on time"]

1. e4 c5 2. c3 Nf6 3. e5 Nd5 4.
d4 cxd4 5. cxd4 e6 6. Nc3 Nc6 7.
Nxd5 exd5 8. Nf3 d6 9. Bf4 Be7 10. Be2 O-O 11. O-O Bf5 12. a3 dxe5 13. Nxe5 Bf6 14.
b4 Re8 15. Nxc6 bxc6 16. Rc1 Qb6 17. Be3 a5 18. Qd2 axb4 19. axb4 Ra3 20. Rc5 Be7 21.
Qb2 Bxc5 22. Qxa3 Bxd4 23. Bxd4 Qxd4 24. Bf3 Be4 25. Bxe4 Qxe4 26. g3 h5 27. Rc1 d4 28.
Qa4 d3 29. Qd1 h4 30. gxh4 Rd8 31. Qd2 Qg4+ 0-1

[Event "Early-Titled-Tuesday-Blitz-February-20-2024"]
[Site "Chess.com"]
[Date "2024.02.20"]
[Round "7"]
[White "Tocras"]
[Black "mbojan"]
[Result "0-1"]
[WhiteElo "2719"]
[BlackElo "2869"]
[TimeControl "180+1"]
[EndTime "9:18:11 PST"]
[Termination "mbojan won by resignation"]

1. Nc3 d5 2. d4 Nf6 3. Bf4 c5 4. e3 cxd4 5. exd4 Bg4 6. Qd2 Nc6 7. h3 Bf5 8. g4 Bg6 9. Nf3 e6 10. Ne5 Nxe5 11. Bxe5 Nd7 12. Bb5 a6 13. Bxd7+ Qxd7 14. O-O-O f6 15. Bg3 Bb4 16. a3 Bxc3 17. bxc3 Rc8 18.
Qe3 Kf7 19. Kd2 Qa4 20. Rc1 Rc6 21. Rhe1 Rhc8 22. Re2 Qxa3 23. Rb1 b5 24. Ke1 Qxc3+ 25. Qxc3 Rxc3 26. Ra1 R8c6 27. h4 h5 28. g5 Rxc2 29. Rxc2 Bxc2 30. gxf6 gxf6 31. Bb8 b4 32. Kd2 b3 33.
Kc1 Rb6 34. Kb2 Rxb8 0-1

[Event "Early-Titled-Tuesday-Blitz-February-20-2024"]
[Site "Chess.com"]
[Date "2024.02.20"]
[Round "7"]
[White "CarlosjPineror"]
[Black "gm_rashid"]
[Result "1-0"]
[WhiteElo "2577"]
[BlackElo "2454"]
[TimeControl "180+1"]
[EndTime "9:18:11 PST"]
[Termination "CarlosjPineror won by checkmate"]

1. e4 c5 2. Nf3 d6 3. d4 cxd4 4. Nxd4 Nf6 5. Nc3 g6 6. Be3 Bg7 7. f3 O-O 8. Bc4 Nc6 9. Bb3 Bd7 10. Qd2 Rc8 11. O-O-O Ne5 12. Kb1 Nc4 13. Bxc4 Rxc4 14. h4 b5 15. h5 b4 16. Nce2 Qa5 17. Bh6 Rfc8 18. Bxg7 Kxg7 19. hxg6 fxg6 20. Qh6+ Kg8 21. g4 e5 22. Nf5 Bxf5 23. gxf5 Rxc2 24. fxg6 Rxb2+ 25. Kxb2 Qa3+ 26. Kb1 Rc2 27. gxh7+ Kf7 28. Qxf6+ Kxf6 29.
h8=Q+ Ke7 30. Rh7+ Ke6 31. Qg8+ Kf6 32. Qg7+ Ke6 33.
Qf7# 1-0

[Event "Early-Titled-Tuesday-Blitz-February-20-2024"]
[Site "Chess.com"]
[Date "2024.02.20"]
[Round "7"]
[White "AlexPapasimakopoulos"]
[Black "RantomOpening"]
[Result "1-0"]
[WhiteElo "2767"]
[BlackElo "2551"]
[TimeControl "180+1"]
[EndTime "9:18:17 PST"]
[Termination "AlexPapasimakopoulos won by resignation"]

1. d4 d5 2. c4 e6 3. Nc3 Nf6 4. cxd5 exd5 5. Bg5 c6 6. e3 Bd6 7. Bd3 O-O 8. Qc2 h6 9. Bh4 Re8 10. Nf3 a5 11. O-O Na6 12. a3 Nc7 13. Rab1 Ne6 14.
b4 axb4 15. axb4 b5 16. e4 Be7 17. Bxf6 Bxf6 18. exd5 cxd5 19. Bxb5 Bd7 20. Bxd7 Qxd7 21. Rfd1 Reb8 22. Qb3 Nf4 23. h3 Rc8 24. Rb2 Qf5 25. Ne2 Ne6 26. Ng3 Qg6 27. b5 Rab8 28. b6 Rb7 29.
Qxd5 Rcb8 30. Rdb1 Nf4 31. Qe4 Qxe4 32. Nxe4 Nd5 33. Nxf6+ Nxf6 34. Ne5 Nd5 35. Nc6 Rc8 36. Na5 Rd7 37. b7 Rb8 38. Nc6 Kh8 39. Nxb8 Kg8 40. Nxd7 Kh8 41. Ne5 1-0

[Event "Early-Titled-Tuesday-Blitz-February-20-2024"]
[Site "Chess.com"]
[Date "2024.02.20"]
[Round "7"]
[White "Aygehovit1992"]
[Black "MasterKroket"]
[Result "1-0"]
[WhiteElo "2682"]
[BlackElo "2509"]
[TimeControl "180+1"]
[EndTime "9:18:19 PST"]
[Termination "Aygehovit1992 won by resignation"]

1. e4 e5 2. Nf3 Nc6 3. Bb5 a6 4. Ba4 Nf6 5. O-O Be7 6. d3 b5 7. Bb3 O-O 8. a4 Rb8 9. axb5 axb5 10. Nc3 d6 11. h3 Be6 12. Nd5 Nd7 13. c3 b4 14. Bc2 f5 15. Nxe7+ Qxe7 16. Ng5 b3 17. Bb1 h6 18. Nxe6 Qxe6 19. d4 exd4 20. exf5 Qd5 21. Be3 Nde5 22. cxd4 Nc4 23. Qg4 Nxe3 24. fxe3 Rbe8 25.
f6 Qg5 26. Qxg5 hxg5 27. Bg6 Rxe3 28. f7+ Kh8 29. Ra8 1-0

[Event "Early-Titled-Tuesday-Blitz-February-20-2024"]
[Site "Chess.com"]
[Date "2024.02.20"]
[Round "7"]
[White "IM_ArthurDW08"]
[Black "KuzubovYuriy"]
[Result "1-0"]
[WhiteElo "2802"]
[BlackElo "2952"]
[TimeControl "180+1"]
[EndTime "9:18:20 PST"]
[Termination "IM_ArthurDW08 won on time"]

1. e4 e6 2. d4 d5 3. Nc3 Bb4 4. e5 Ne7 5. a3 Bxc3+ 6. bxc3 b6 7. Qg4 Ng6 8. Bb5+ c6 9. Bd3 Ba6 10. h4 h5 11. Qg3 Bxd3 12. cxd3 c5 13. Ne2 Nc6 14.
Nf4 Nce7 15. Nxg6 Nxg6 16. Bg5 Qc7 17. O-O cxd4 18. cxd4 Qc3 19. Qe3 O-O 20. Rfc1 Qb3 21. Qf3 Rac8 22. Qxh5 Qxd3 23. Qg4 Rc4 24. Rxc4 dxc4 25.
h5 Nh8 26. Bf6 Qh7 27. Rc1 g6 28. h6 Qxh6 29. Rc3 Rd8 30. Rh3 1-0

[Event "Early-Titled-Tuesday-Blitz-February-20-2024"]
[Site "Chess.com"]
[Date "2024.02.20"]
[Round "7"]
[White "erugee"]
[Black "guillembaches"]
[Result "0-1"]
[WhiteElo "2331"]
[BlackElo "2533"]
[TimeControl "180+1"]
[EndTime "9:18:22 PST"]
[Termination "guillembaches won by resignation"]

1. e4 c5 2. Nc3 a6 3. f4 b5 4. Nf3 Bb7 5. d3 e6 6. g3 b4 7. Ne2 d5 8. e5 h5 9. h4 Nh6 10. Bh3 Nc6 11. O-O Nf5 12. Bxf5 exf5 13. d4 cxd4 14. Nexd4 Nxd4 15. Nxd4 Qb6 16. Kh2 Bc5 17.
Nxf5 g6 18. Nd6+ Bxd6 19. exd6 O-O-O 20. Re1 Rxd6 21. Re7 Qf2+ 22. Kh1 d4+ 23. Rxb7 Kxb7 24. Qg1 Qxg1+ 25. Kxg1 Re8 26. Bd2 a5 27. Kf1 Rc6 28. Rc1 Rec8 29. c3 dxc3 30. bxc3 bxc3 31. Be3 c2 32.
Ke2 Rd8 33. Bd2 Re6+ 0-1

[Event "Early-Titled-Tuesday-Blitz-February-20-2024"]
[Site "Chess.com"]
[Date "2024.02.20"]
[Round "7"]
[White "angelgab3"]
[Black "SharapovEvgeny"]
[Result "1-0"]
[WhiteElo "2768"]
[BlackElo "2562"]
[TimeControl "180+1"]
[EndTime "9:18:25 PST"]
[Termination "angelgab3 won by resignation"]

1. e4 c5 2. Nf3 d6 3. d4 cxd4 4. Nxd4 Nf6 5. Nc3 Nc6 6. Bg5 e6 7. Qd3 Be7 8. O-O-O O-O 9. h4 Nxd4 10. Qxd4 Qa5 11. Kb1 Rd8 12. Qd2 Bd7 13. f3 Bc6 14.
Nd5 Qxd2 15. Nxe7+ Kf8 16. Bxd2 Kxe7 17. g4 Nd7 18. Bc3 e5 19. Bc4 a5 20. a3 a4 21. Bb4 Nc5 22. Rd2 b6 23. Rhd1 f6 24. b3 b5 25. Bd5 Bxd5 26. Rxd5 axb3 27. cxb3 Nxb3 28. Rxd6 Rxd6 29. Rxd6 Ke8 30. Rb6 Nd4 31. Rb7 Nxf3 32. Rxg7 Rc8 33. Rxh7 Rc4 34. h5 Rxe4 35.
h6 Ng5 36. Re7+ Kd8 37. Rg7 Kc8 38. Rxg5 fxg5 39. h7 1-0

[Event "Early-Titled-Tuesday-Blitz-February-20-2024"]
[Site "Chess.com"]
[Date "2024.02.20"]
[Round "7"]
[White "Rakhmanov_Aleksandr"]
[Black "Iskusnyh"]
[Result "1-0"]
[WhiteElo "2865"]
[BlackElo "2671"]
[TimeControl "180+1"]
[EndTime "9:18:26 PST"]
[Termination "Rakhmanov_Aleksandr won by resignation"]

1. c4 c5 2. Nf3 g6 3. h4 Nf6 4.
Nc3 Nc6 5. Nd5 Bg7 6. Nxf6+ Bxf6 7. h5 d5 8. cxd5 Qxd5 9. d3 Bg4 10. Qa4 Bxf3 11.
gxf3 Qd4 12. Qxd4 Nxd4 13. Kd1 O-O-O 14. f4 Kb8 15. e3 Nc6 16. a3 e5 17. fxe5 Nxe5 18.
Kc2 Ng4 19. f3 Ne5 20. f4 Nc6 21. Bg2 Rc8 22. Bd2 Rhd8 23. hxg6 hxg6 24. Rh7 Rc7 25. Bxc6 bxc6 26. Ba5 1-0

[Event "Early-Titled-Tuesday-Blitz-February-20-2024"]
[Site "Chess.com"]
[Date "2024.02.20"]
[Round "7"]
[White "NewBornNow"]
[Black "Egor_Koshulyan"]
[Result "1-0"]
[WhiteElo "2795"]
[BlackElo "2618"]
[TimeControl "180+1"]
[EndTime "9:18:29 PST"]
[Termination "NewBornNow won by resignation"]

1. e4 c5 2. Nf3 Nc6 3. Bb5 g5 4. Nxg5 Nf6 5. Bxc6 dxc6 6. d3 Rg8 7. Rg1 h6 8. Nf3 c4 9. Nc3 Bg4 10. h3 Be6 11. d4 b5 12. Qe2 b4 13. Na4 Qa5 14.
Nc5 c3 15. bxc3 b3 16. Bb2 bxa2 17. Nxe6 Rb8 18. Qc4 fxe6 19. Rxa2 Qc7 20. Qxe6 c5 21. e5 Rg6 22. exf6 Rxf6 23. Qc4 Rfb6 24. Ne5 e6 25.
Bc1 Bg7 26. Bf4 Rb1+ 27. Ke2 Rxg1 28. Qxe6+ Qe7 29. Qxe7+ Kxe7 30. Nc6+ Kf8 31. Bxb8 cxd4 32. cxd4 Rxg2 1-0

[Event "Early-Titled-Tuesday-Blitz-February-20-2024"]
[Site "Chess.com"]
[Date "2024.02.20"]
[Round "7"]
[White "DonkyDonkyDonkey"]
[Black "ChessQueen"]
[Result "1/2-1/2"]
[WhiteElo "2915"]
[BlackElo "2745"]
[TimeControl "180+1"]
[EndTime "9:18:32 PST"]
[Termination "Game drawn by repetition"]

1. d4 f5 2. Nf3 Nf6 3. g3 g6 4. Bg2 Bg7 5. O-O O-O 6. c4 d6 7.
b3 a5 8. Bb2 a4 9. Nbd2 a3 10. Bc3 c6 11. Qc2 Nbd7 12. e4 fxe4 13. Ng5 Nb6 14. Ndxe4 Bf5 15. Qe2 Qd7 16. Nxf6+ exf6 17.
Nf3 Rfe8 18. Qd2 d5 19. Ba5 Nc8 20. cxd5 cxd5 21. Rac1 Nd6 22. Rc7 Qb5 23. Qb4 Qxa5 24. Qxd6 Bf8 25. Qf4 Bh6 26. Qd6 Bf8 27. Qf4 Bh6 28.
Qd6 Bf8 1/2-1/2

[Event "Early-Titled-Tuesday-Blitz-February-20-2024"]
[Site "Chess.com"]
[Date "2024.02.20"]
[Round "7"]
[White "mr_gustavo"]
[Black "ilya2700"]
[Result "1-0"]
[WhiteElo "2738"]
[BlackElo "2374"]
[TimeControl "180+1"]
[EndTime "9:18:34 PST"]
[Termination "mr_gustavo won on time"]

1. Nf3 Nf6 2. b3 g6 3. Bb2 Bg7 4. c4 O-O 5. e3 d6 6. Be2 e5 7.
O-O e4 8. Ne1 h5 9. d3 exd3 10.
Nxd3 Nc6 11. Nc3 Bf5 12. Rc1 Ne4 13. Nxe4 Bxb2 14. Nxb2 Bxe4 15. Bd3 Bxd3 16. Nxd3 Qf6 17. Nf4 Qe5 18. Qf3 a5 19. Rfd1 a4 20. Nd5 Rac8 21. b4 Kg7 22. a3 b6 23. h3 Ne7 24.
Nxe7 Qxe7 25. Qc6 Qe8 26. Qd5 Qe6 27. Qc6 Qe8 28. Qf3 Qe6 29. c5 dxc5 30. bxc5 bxc5 31.
Rxc5 Qb3 32. Rd4 Qxa3 33. Ra5 Qc1+ 34. Kh2 a3 35. Rda4 c5 36. Ra6 Qb2 37. Rxa3 Qe5+ 38. g3 c4 39. R3a5 Qc7 40. Qf6+ Kg8 41. Rxh5 1-0